Map: Emerald City LE

Players

EricJames

  • Race: Zerg Zerg
  • Spawn Location: 5:00

AnthonyC

  • Race: Protoss Protoss
  • Spawn Location: 5:00

Mesrob

  • Race: Terran Terran
  • League: Gold
  • Spawn Location: 11:00

Subwaymaker

  • Race: Protoss Protoss
  • League: Silver
  • Spawn Location: 11:00

VOD

Have the link to the VOD?

Description

Time

  • Played on: Jan. 16, 2019, 7:12 p.m.
  • Length: 19:14
Show
View Real Time Build Order
Export as new Build Order

EricJames Zerg 

Build Orders: Pool First 

Get SALT Encoding   

  12  0:01  Drone  
  13  0:11  Drone  
  14  0:17  Overlord  
  14  0:37  Spawning Pool, Drone  
  14  0:49  Extractor  
  13  0:50  Drone  
  13  0:55  Drone  
  13  0:56  Drone  
  16  1:06  Drone  
  17  1:18  Overlord  
  17  1:28  Queen  
  19  1:35  Zergling x4  
  21  1:52  Drone  
  22  1:57  Hatchery  
  22  1:58  Metabolic Boost  
  21  2:03  Zergling x2  
  22  2:28  Zergling x6  
  25  2:39  Overlord  
  25  3:09  Drone x2  
  25  3:12  Drone  
  28  3:13  Queen  
  28  3:14  Extractor, Drone  
  28  3:16  Overlord  
  28  3:44  Drone x2  
  28  3:45  Drone  
  28  3:51  Zergling x4  
  28  3:52  Zergling x6  
  33  3:58  Drone  
  33  4:18  Drone x2  
  33  4:22  Lair  
  35  4:27  Drone x3  
  35  4:28  Drone x3  
  39  5:18  Drone  
  40  5:23  Drone, Spire  
  40  5:24  Drone x4  
  40  5:27  Extractor  
  43  5:28  Extractor  
  43  5:30  Drone  
  43  5:31  Drone x2  
  43  5:33  Drone x3  
  48  5:40  Drone x2  
  48  5:41  Drone  
  51  6:33  Drone  
  51  6:38  Hatchery  
  51  6:40  Overlord x2  
  51  6:41  Overlord x3  
  51  6:42  Overlord  
  50  7:18  Mutalisk  
  50  7:19  Mutalisk x14  
  80  7:27  Mutalisk  
  82  7:33  Extractor x2  
  80  7:42  Zerg Flyer Weapons Level 1  
  80  7:50  Queen  
  82  7:51  Drone  
  82  7:53  Drone x3  
  82  7:55  Drone x3  
  82  7:56  Drone  
  82  7:57  Drone  
  79  9:41  Drone  
  79  9:42  Drone x2  
  82  10:06  Overlord x3  
  82  10:09  Overlord  
  82  10:10  Overlord  
  74  10:46  Infestation Pit  
  73  11:00  Zerg Flyer Weapons Level 2  
  73  11:03  Drone  
  74  11:12  Drone x3  
  74  11:14  Drone x2  
  74  11:15  Drone  
  80  11:21  Drone x3  
  80  11:22  Drone x4  
  80  11:23  Drone  
  88  11:36  Mutalisk x3  
  88  11:37  Mutalisk x4  
  88  11:38  Mutalisk x3  
  88  11:39  Mutalisk  
  110  12:00  Hatchery  
  109  12:02  Extractor  
  109  12:03  Extractor  
  107  12:20  Hive  
  107  12:26  Drone, Spire  
  103  13:20  Queen  
  103  13:23  Drone  
  103  13:24  Drone  
  107  13:45  Greater Spire  
  107  13:47  Zerg Flyer Weapons Level 3  
  105  14:24  Corruptor  
  105  14:25  Corruptor x22  
  105  14:29  Overlord x2  
  105  14:30  Overlord x7  
  151  14:31  Overlord  
  151  14:51  Pneumatized Carapace  
  151  14:53  Overseer  
  151  15:05  Brood Lord  
  151  15:06  Brood Lord x2  
  161  15:07  Brood Lord x5  
  161  15:08  Brood Lord x5  
  161  15:11  Brood Lord x4  
  185  15:17  Zerg Flyer Armor Level 1  
  185  15:32  Corruptor  
  185  15:33  Corruptor x3  
  193  15:45  Brood Lord  
  193  15:48  Brood Lord  
  197  15:58  Brood Lord  
  199  16:52  Hatchery  
  160  18:18  Corruptor x6  
  160  18:19  Corruptor x6  
  176  18:20  Corruptor x2  
Show
View Real Time Build Order
Export as new Build Order

AnthonyC Protoss 

Build Orders:  

Get SALT Encoding   

  12  0:04  Probe  
  13  0:12  Probe  
  13  0:20  Probe  
  15  0:30  Pylon  
  15  0:51  Gateway  
  15  0:57  Probe  
  15  0:58  Assimilator  
  16  1:05  Forge  
  16  1:09  Probe  
  17  1:11  Pylon  
  17  1:18  Pylon  
  17  1:21  Probe  
  18  1:29  Probe  
  18  1:39  Probe, Zealot  
  22  1:53  Cybernetics Core  
  22  2:02  Pylon  
  22  2:06  Zealot  
  22  2:07  Assimilator  
  24  2:34  Stargate  
  24  2:46  Pylon  
  24  2:48  Pylon  
  24  2:49  Probe  
  24  2:57  Probe  
  25  3:01  Stalker  
  28  3:07  Probe  
  29  3:30  Protoss Air Weapons Level 1  
  29  3:31  Stalker  
  31  3:59  Probe  
  32  4:03  Nexus  
  32  4:06  Assimilator  
  32  4:09  Void Ray  
  36  4:42  Pylon  
  36  4:44  Pylon  
  36  4:47  Pylon  
  36  4:49  Pylon  
  36  4:52  Pylon  
  36  4:55  Pylon  
  36  4:58  Pylon  
  36  5:03  Assimilator  
  37  5:07  Probe  
  37  5:17  Stargate  
  37  5:19  Probe  
  38  5:28  Void Ray  
  42  5:31  Probe  
  43  5:41  Probe  
  44  5:43  Probe  
  44  5:49  Probe  
  45  5:55  Probe  
  47  5:57  Probe  
  48  6:09  Probe  
  49  6:14  Void Ray  
  49  6:16  Void Ray  
  57  6:21  Probe  
  58  6:31  Probe  
  58  6:39  Probe  
  60  6:49  Probe  
  61  6:57  Void Ray  
  61  6:59  Void Ray  
  69  7:01  Probe  
  70  7:13  Probe  
  71  7:25  Probe  
  72  7:37  Probe  
  72  7:40  Void Ray  
  72  7:42  Void Ray  
  81  7:47  Pylon  
  81  7:49  Pylon  
  81  7:51  Pylon  
  81  7:53  Pylon  
  81  7:54  Pylon  
  81  7:56  Pylon  
  81  8:01  Pylon  
  81  8:02  Pylon  
  81  8:18  Protoss Air Armor Level 1  
  81  8:29  Nexus  
  81  8:33  Fleet Beacon  
  81  8:39  Void Ray  
  85  8:57  Assimilator  
  85  9:01  Assimilator  
  85  9:08  Pylon  
  85  9:13  Pylon  
  85  9:17  Pylon  
  85  9:41  Probe  
  85  9:42  Void Ray  
  85  9:43  Void Ray  
  86  9:49  Probe  
  94  9:54  Protoss Air Weapons Level 2  
  94  9:58  Probe  
  96  10:18  Mothership  
  104  10:25  Void Ray x2  
  112  10:29  Probe  
  113  10:38  Pylon  
  113  10:41  Probe  
  113  10:42  Pylon  
  114  10:54  Probe  
  115  11:14  Stargate  
  115  11:15  Void Ray  
  115  11:16  Stargate  
  115  11:21  Stargate  
  115  11:24  Void Ray  
  123  11:54  Probe  
  123  11:56  Void Ray  
  128  12:02  Probe  
  128  12:06  Void Ray  
  133  12:09  Protoss Air Armor Level 2, Nexus  
  133  12:11  Probe  
  133  12:15  Assimilator  
  134  12:19  Assimilator  
  134  12:22  Probe  
  134  12:23  Probe  
  136  12:30  Probe  
  136  12:35  Probe  
  138  12:38  Probe  
  138  12:39  Void Ray  
  138  12:41  Void Ray x3  
  155  12:47  Probe  
  155  12:50  Probe  
  157  12:59  Probe  
  157  13:01  Void Ray  
  157  13:03  Probe  
  163  13:12  Probe  
  164  13:19  Probe  
  164  13:22  Void Ray  
  164  13:27  Probe  
  170  13:36  Probe  
  171  13:44  Void Ray  
  171  13:45  Protoss Shields Level 1  
  175  13:50  Probe  
  176  13:55  Protoss Air Weapons Level 3  
  176  13:56  Void Ray x3  
  176  14:00  Void Ray  
  176  14:02  Probe  
  193  14:14  Probe  
  194  14:17  Void Ray  
  198  15:38  Twilight Council  
  198  16:00  Protoss Shields Level 2  
  198  16:33  Protoss Air Armor Level 3  
  104  17:10  Void Ray x4  
  104  17:15  Void Ray  
  86  17:40  Void Ray  
  86  17:42  Void Ray x2  
  86  17:43  Void Ray x2  
  114  18:15  Void Ray  
  114  18:16  Void Ray x2  
  114  18:25  Void Ray x2  
Show
View Real Time Build Order
Export as new Build Order

Mesrob Terran 

Build Orders: Mech 

Get SALT Encoding   

  12  0:00  SCV  
  13  0:12  SCV  
  14  0:23  Supply Depot  
  14  0:30  SCV  
  15  0:45  SCV  
  15  0:47  Barracks  
  16  0:57  SCV  
  16  0:58  Refinery  
  17  1:09  SCV  
  18  1:23  SCV  
  19  1:40  Orbital Command  
  19  1:45  Marine  
  19  1:47  Command Center  
  20  2:02  Bunker  
  20  2:03  Marine  
  21  2:20  Supply Depot  
  20  2:30  Barracks Tech Lab  
  20  2:31  Factory  
  20  2:39  Supply Depot  
  20  2:55  SCV  
  21  3:00  Orbital Command  
  21  3:02  Engineering Bay  
  21  3:07  Refinery  
  21  3:28  Supply Depot  
  21  3:29  Siege Tank  
  21  3:33  Orbital Command  
  21  3:47  Marine  
  20  4:10  Siege Tank  
  20  4:14  SCV  
  24  4:18  SCV  
  25  4:24  Refinery  
  25  4:29  Missile Turret  
  25  4:30  SCV  
  26  4:42  SCV  
  27  4:45  Missile Turret  
  27  4:50  Missile Turret  
  27  4:54  SCV  
  28  5:02  SCV  
  28  5:06  SCV  
  30  5:10  Siege Tank  
  33  5:14  SCV  
  33  5:18  SCV  
  35  5:22  Armory  
  35  5:23  Missile Turret  
  35  5:26  SCV  
  36  5:30  SCV  
  37  5:36  Supply Depot  
  37  5:38  SCV  
  38  5:42  SCV  
  39  5:50  SCV  
  39  5:55  SCV  
  41  5:58  Refinery, Siege Tank  
  41  6:03  SCV  
  45  6:07  Supply Depot, SCV  
  45  6:10  Missile Turret  
  46  6:15  Terran Vehicle Weapons Level 1  
  46  6:30  Supply Depot  
  46  6:31  Missile Turret  
  46  6:34  Siege Tank  
  49  6:43  Factory  
  49  6:45  Factory  
  49  6:48  Factory  
  49  6:50  Missile Turret  
  49  6:52  Factory  
  49  6:53  Missile Turret  
  49  7:11  Armory  
  49  7:15  Missile Turret  
  49  7:17  Thor  
  55  7:33  Factory  
  55  8:01  Command Center  
  54  8:46  Factory Tech Lab x4  
  54  8:47  Factory Reactor  
  54  9:11  Command Center  
  54  9:25  Thor  
  54  9:29  Thor x3  
  54  9:30  Thor  
  78  9:32  Hellion, Hellbat  
  82  9:40  Factory  
  82  9:49  Supply Depot  
  82  10:12  Supply Depot  
  73  10:50  Missile Turret  
  73  11:00  Command Center  
  73  11:10  Missile Turret  
  73  11:14  Missile Turret  
  73  11:19  SCV  
  73  11:20  SCV  
  75  11:33  Missile Turret  
  75  11:39  Planetary Fortress  
  75  11:42  SCV x2  
  77  11:53  Missile Turret  
  77  11:54  SCV x2  
  79  12:06  SCV x2  
  81  12:14  Missile Turret  
  81  12:18  SCV  
  81  12:22  Planetary Fortress  
  82  12:27  Refinery, SCV x2  
  84  12:30  SCV  
  85  12:39  Missile Turret, SCV x2  
  85  12:42  SCV  
  85  12:43  Thor x2  
  100  12:51  SCV x2  
  101  12:53  Refinery  
  101  12:57  Missile Turret  
  102  13:12  Missile Turret  
  102  13:18  Missile Turret  
  102  13:20  Missile Turret  
  102  13:23  SCV  
  102  13:25  SCV x3  
  106  13:33  Missile Turret  
  106  13:35  SCV  
  106  13:37  SCV x2  
  106  13:39  Missile Turret  
  106  13:40  Missile Turret  
  109  13:44  Terran Vehicle And Ship Armor Level 1  
  109  13:45  Terran Vehicle Weapons Level 2  
  109  13:46  Supply Depot  
  109  13:47  Factory Reactor, SCV  
  110  13:53  Factory  
  110  13:55  Missile Turret  
  110  13:59  SCV, Thor  
  110  14:01  Missile Turret  
  117  14:06  SCV x2  
  117  14:07  SCV  
  120  14:11  Supply Depot  
  120  14:13  Missile Turret  
  120  14:15  Refinery  
  120  14:16  Refinery  
  120  14:22  Missile Turret  
  120  14:29  SCV x2  
  122  14:34  Missile Turret  
  122  14:37  Factory  
  122  14:38  Supply Depot, SCV x2  
  124  14:41  SCV x2  
  126  14:48  Factory Reactor  
  126  14:49  Thor x3  
  126  14:50  SCV x2  
  146  14:53  SCV  
  146  14:59  Thor  
  153  15:00  Supply Depot  
  153  15:02  Supply Depot  
  153  15:10  SCV x3  
  156  15:21  SCV  
  156  15:22  SCV  
  156  15:25  Supply Depot  
  158  15:47  Supply Depot  
  158  15:52  Widow Mine  
  158  15:53  Widow Mine x3  
  158  15:54  Widow Mine x2  
  170  15:58  Missile Turret  
  170  16:00  Command Center  
  170  16:01  Missile Turret  
  170  16:18  Missile Turret  
  170  16:19  Hellion  
  170  16:25  Missile Turret, Terran Vehicle And Ship Armor Level 2  
  170  16:26  Supply Depot  
  170  16:27  Terran Vehicle Weapons Level 3  
  170  16:34  Thor  
  170  16:35  Thor x2  
  170  16:39  Missile Turret  
  188  16:46  Hellbat  
  188  16:47  Missile Turret  
  188  16:48  Hellbat x4, Thor  
  188  16:50  Supply Depot  
  158  17:01  Missile Turret  
  134  17:14  Supply Depot  
  140  17:17  Thor x2  
  140  17:18  Thor  
  130  17:50  Thor  
  124  17:53  Hellbat x5  
  124  17:54  Hellbat  
  130  18:00  Thor x3  
  118  18:33  Hellbat x6  
Show
View Real Time Build Order
Export as new Build Order

Subwaymaker Protoss 

Build Orders:  

Get SALT Encoding   

  12  0:03  Probe  
  13  0:12  Probe  
  14  0:23  Pylon  
  14  0:25  Assimilator  
  14  0:47  Gateway  
  14  0:49  Probe  
  15  0:58  Pylon, Probe  
  16  1:06  Probe  
  17  1:16  Probe  
  18  1:21  Gateway  
  18  1:28  Probe  
  19  1:40  Probe  
  19  1:42  Cybernetics Core  
  20  1:47  Assimilator  
  20  1:52  Probe  
  21  2:02  Forge  
  21  2:04  Probe  
  22  2:11  Pylon  
  22  2:19  Probe  
  23  2:26  Zealot  
  25  2:32  Warp Gate  
  25  2:36  Twilight Council  
  25  2:40  Pylon  
  25  2:48  Zealot  
  27  2:53  Protoss Ground Armor Level 1  
  27  2:59  Probe  
  28  3:07  Photon Cannon  
  28  3:11  Probe  
  29  3:21  Charge  
  29  3:23  Probe  
  29  3:25  Zealot  
  32  3:35  Probe  
  29  4:20  Nexus  
  29  4:23  Assimilator  
  29  4:24  Probe  
  29  4:27  Assimilator  
  29  4:30  Pylon  
  30  4:32  Protoss Ground Weapons Level 1  
  30  4:36  Probe  
  31  4:40  Gateway  
  31  4:42  Gateway  
  31  4:44  Gateway  
  31  4:55  Zealot  
  33  5:00  Zealot  
  33  5:07  Probe  
  36  5:19  Probe  
  37  5:28  Zealot  
  37  5:29  Zealot  
  37  5:30  Probe  
  37  5:31  Probe  
  43  5:38  Probe  
  44  5:43  Sentry, Probe  
  44  5:46  Stalker  
  49  5:50  Stalker  
  49  5:52  Probe  
  49  5:55  Probe  
  53  6:03  Pylon  
  53  6:04  Probe  
  54  6:11  Pylon  
  54  6:13  Pylon  
  54  6:18  Stalker x2  
  56  6:23  Probe x2  
  60  6:35  Probe x2  
  62  6:43  Protoss Shields Level 1  
  62  6:44  Photon Cannon  
  62  6:47  Probe  
  62  6:48  Probe  
  62  6:52  Gateway  
  64  6:54  Templar Archives  
  64  7:00  Probe  
  65  7:11  Zealot  
  65  7:12  Stalker x2  
  65  7:13  Stalker  
  73  7:48  Pylon  
  73  7:53  Pylon  
  73  8:01  Nexus  
  73  8:05  Pylon  
  73  8:06  Probe x2  
  73  8:07  Pylon  
  73  8:09  Pylon  
  75  8:18  Probe x2  
  74  8:29  Stalker x2  
  74  8:30  Stalker x3, Probe x2  
  74  8:31  Stalker  
  60  9:12  Stalker  
  60  9:13  Stalker x2  
  60  9:14  Stalker  
  60  9:15  Stalker  
  67  9:17  Stalker  
  67  9:38  Probe x3  
  69  9:50  Probe  
  70  10:02  Robotics Facility  
  70  10:04  Probe  
  70  10:07  Probe  
  70  10:09  Probe  
  73  10:29  Protoss Ground Weapons Level 2  
  73  10:30  Probe x3  
  76  10:42  Probe x2  
  78  10:43  Probe  
  79  10:50  Probe  
  79  10:51  Probe  
  79  10:53  Probe  
  82  10:59  Probe x2  
  82  11:01  Probe  
  84  11:04  Observer  
  86  11:26  Observer  
  86  11:28  Photon Cannon  
  86  11:30  Photon Cannon  
  86  11:32  Photon Cannon  
  87  11:34  Shield Battery  
  87  11:38  Photon Cannon  
  87  11:39  Shield Battery  
  87  11:40  Assimilator  
  87  11:47  Stalker  
  87  11:48  Stalker  
  87  11:50  High Templar  
  87  11:51  Zealot  
  95  11:58  Probe  
  95  12:01  Probe  
  97  12:09  High Templar  
  97  12:11  High Templar  
  97  12:12  High Templar  
  97  12:14  High Templar  
  97  12:15  High Templar  
  107  12:18  Archon  
  107  12:19  Archon  
  107  12:21  Archon  
  107  12:35  Zealot  
  109  12:43  Probe  
  108  12:55  Probe  
  109  13:00  Protoss Ground Weapons Level 3  
  109  13:03  Stalker  
  109  13:05  Zealot x2  
  115  13:06  Zealot  
  115  13:07  Stalker  
  115  13:09  Stalker  
  121  13:15  Probe  
  122  13:23  Probe  
  122  13:25  Probe  
  124  13:31  Probe  
  124  13:37  Probe  
  124  13:40  Forge  
  126  13:41  Probe  
  126  13:42  Pylon  
  126  13:44  Pylon  
  126  13:48  Protoss Ground Armor Level 2, Photon Cannon  
  127  13:49  Probe  
  127  13:50  Shield Battery  
  127  13:52  Zealot  
  127  13:53  Probe, Zealot  
  127  13:54  Stalker  
  127  13:55  Stalker  
  137  14:00  Zealot  
  137  14:01  Probe, Zealot  
  142  14:08  Probe  
  142  14:11  Probe  
  142  14:13  Probe  
  142  14:16  Probe  
  145  14:23  Probe  
  147  14:30  Gateway  
  147  14:32  Gateway  
  147  14:35  Gateway  
  147  14:48  Robotics Bay, Psionic Storm  
  147  15:05  Probe  
  147  15:11  Assimilator  
  147  15:12  High Templar  
  147  15:13  Pylon, High Templar x2, Probe  
  147  15:14  High Templar  
  156  15:15  Pylon  
  156  15:17  Pylon  
  157  15:25  Archon  
  157  15:27  Archon  
  157  15:32  Sentry  
  157  15:34  Sentry  
  161  15:36  Zealot x3  
  167  15:50  Pylon, Protoss Shields Level 2  
  167  15:53  Pylon  
  167  15:59  Stalker x2  
  167  16:02  Stalker x2  
  175  16:04  Zealot  
  175  16:05  Zealot x2  
  181  16:37  Stalker  
  181  16:38  Stalker  
  181  16:39  Stalker  
  187  16:41  Zealot  
  187  16:42  Zealot x2  
  187  16:43  Zealot  
  187  16:44  Zealot  
  187  16:45  Nexus  
  197  16:49  Pylon  
  197  16:51  Pylon  
  165  17:15  Stalker  
  127  17:16  Stalker, Zealot  
  127  17:17  Zealot x3  
  127  17:20  Stalker  
  127  17:21  Stalker  
  69  17:39  Stalker x2  
  69  17:40  Stalker x3  
  69  17:44  Stalker  
  55  18:39  Gateway  
  55  18:41  Gateway  
  53  18:44  Zealot x2  
  53  18:45  Zealot x2  
  53  18:46  Stalker  
  53  18:47  Stalker x2  
  53  18:48  Stalker x2  
  69  19:05  Zealot  
  69  19:06  Zealot x3  
  75  19:13  Stalker  
  75  19:14  Stalker  
Tags
 
Add a new tag
Caveats
  • Supply blocks, unpowered buildings, or Contaminate may cause inaccurate times.
  • Supply counts are checked every 10 seconds.